 Dungeon Crawl Stone Soup version 0.22-b1-21-g5cfc168 (webtiles) character file.

119 wojtek the Chopper (level 4, 0/39 HPs)
             Began as a Minotaur Fighter on Aug 2, 2018.
             Killed by nerve-wracking pain
             ... invoked by Grinder
              (8 damage)
             ... while paralysed by Grinder
             ... on level 3 of the Dungeon.
             The game lasted 00:02:04 (1651 turns).

wojtek the Chopper (Minotaur Fighter)               Turns: 1651, Time: 00:02:04

Health: 0/39       AC:  6    Str: 21    XL:     4   Next: 73%
Magic:  3/3        EV:  2    Int:  5    God:
Gold:   151        SH:  0    Dex: 10    Spells: 3/3 levels left

rFire    . . .     SeeInvis .   a - +0 war axe
rCold    . . .     Gourm    .   c - +0 shield
rNeg     . . .     Faith    .   b - +0 scale mail
rPois    .         Spirit   .   (helmet restricted)
rElec    .         Reflect  .   (no cloak)
rCorr    .         Harm     .   (no gloves)
MR       .....                  (no boots)
Stlth    ..........             (no amulet)
HPRegen  0.13/turn              (no ring)
MPRegen  0.08/turn              (no ring)

@: paralysed
A: retaliatory headbutt, horns 2
a: no special abilities


You were on level 3 of the Dungeon.
You were hungry.

You visited 1 branch of the dungeon, and saw 3 of its levels.

You collected 151 gold pieces.

Inventory:

Hand Weapons
 a - a +0 war axe (weapon)
Armour
 b - a +0 scale mail (worn)
 c - a +0 shield (worn)
Jewellery
 e - an uncursed ring of positive energy {unknown}
 g - an uncursed ring of positive energy {unknown}
 p - an uncursed ring of protection from fire {unknown}
Wands
 n - a wand of random effects (17)
 r - a wand of enslavement (13)
Scrolls
 h - 2 scrolls of fog {unknown}
 i - a scroll of magic mapping {unknown}
 j - a scroll of enchant weapon {unknown}
 k - 2 scrolls of remove curse {unknown}
 l - a scroll of enchant armour {unknown}
 m - 4 scrolls of identify {unknown}
 q - a scroll of blinking {unknown}
Potions
 d - a potion of might
 o - 2 potions of flight {unknown}
 s - a potion of resistance {unknown}
Comestibles
 f - 6 rations


   Skills:
 - Level 3.6 Fighting
 + Level 6.1 Axes
 - Level 3.6 Armour
 - Level 3.6 Shields


You had 3 spell levels left.
You didn't know any spells.
Your spell library was empty.

Dungeon Overview and Level Annotations

Branches:
Dungeon (3/15)

Altars:
Uskayaw
Xom

Annotations:
D:3 Grinder


Innate Abilities, Weirdness & Mutations

You reflexively headbutt those who attack you in melee.
You have a pair of horns on your head.


Message History

Grinder is lightly wounded.
Grinder gestures at you. Pain shoots through your body! Grinder hits you!
You are too injured to fight recklessly!
You are too injured to fight recklessly!
You are too injured to fight recklessly!
Unknown command.
You closely miss Grinder. Your headbutt misses Grinder.
Grinder is lightly wounded.
Grinder gestures at you.
You suddenly lose the ability to move!
Grinder gestures at you. You resist with significant effort. Grinder hits you!
* * * LOW HITPOINT WARNING * * *
You writhe in agony.
* * * LOW HITPOINT WARNING * * *
Grinder gestures at you. Pain shoots through your body!
You die...

#.# #.# #.# #.#####
###..... ##. ...#.###
.... ########...#.#.....
#....).............
#.#######..@5......
######.#######..........
#.......................
#.###...###........#.#.#
#.# #.............## ...
#.###....##b...b.###...(
.............))÷........
#........(...÷..###......
##.##.##.#._.#..........#


You could see Grinder.

Vanquished Creatures
  5 adders
  3 dart slugs (D:1)
  4 leopard geckos
  3 ball pythons
  4 bats
  A giant cockroach (D:1)
  11 goblins
  8 hobgoblins
  3 jackals (D:1)
  5 kobolds
  3 quokkas
  2 frilled lizards
  7 rats
59 creatures vanquished.

Notes
Turn   | Place    | Note
-------+----------+-------------------------------------------
     0 | D:1      | wojtek the Minotaur Fighter began the quest for the Orb.
     0 | D:1      | Reached XP level 1. HP: 19/19 MP: 0/0
    23 | D:1      | Reached skill level 3 in Axes
    32 | D:1      | Reached XP level 2. HP: 19/26 MP: 1/1
    76 | D:1      | Reached skill level 4 in Axes
   216 | D:1      | Reached XP level 3. HP: 23/31 MP: 2/2
   727 | D:2      | Reached skill level 5 in Axes
   880 | D:2      | Found a hide-covered altar of Uskayaw.
   958 | D:2      | Reached XP level 4. HP: 36/39 MP: 3/3
  1331 | D:3      | Found a shimmering altar of Xom.
  1342 | D:3      | Reached skill level 6 in Axes
  1632 | D:3      | Noticed Grinder
  1648 | D:3      | Paralysed by Grinder for 7 turns
  1651 | D:3      | Killed from afar by Grinder

Skill      XL: |  1  2  3  4 |
---------------+-------------+-----
Axes           | 3 4 5 6 |  6.1
Fighting       | |  3.6
Armour         | |  3.6
Shields        | |  3.6

Action                   |  1- 3 |  4- 6 || total
-------------------------+-------+-------++-------
Melee: War axe           |    91 |    36 ||   127
       Headbutt          |     8 |     4 ||    12
  Eat: Chunk             |       |     2 ||     2
Armor: Scale mail        |    45 |    19 ||    64
Dodge: Dodged            |    28 |    22 ||    50
Block: Shield            |    55 |    29 ||    84
